 Dungeon Crawl Stone Soup version 0.32-a0-799-g95e1662365 (console) character file.

Game seed: 42483311469127447

270206 jejorda2 the Impaler (level 20, -5/162 HPs)
             Began as a Gnoll Berserker on Mar 20, 2024.
             Was a High Priest of Trog.
             Incinerated by a deep elf pyromancer (6 damage)
             ... with a pyre arrow
             ... on level 2 of the Elven Halls on Mar 21, 2024.
             The game lasted 02:18:07 (45452 turns).

jejorda2 the Impaler (Gnoll Berserker)             Turns: 45452, Time: 02:18:07

Health: -5/162     AC: 34    Str: 27    XL:     20   Next: 20%
Magic:  38/38      EV: 16    Int:  6    God:    Trog [*****.]
Gold:   789        SH: 15    Dex: 18    Spells: 47/47 levels left

rFire   + . .        a - +6 trident of Propriety {vamp, Dex+3}
rCold   + + .        X - +2 kite shield {AC+3}
rNeg    . . .        O - +2 chain mail {Will+}
rPois   .            N - +1 hat "Lag Eclo" {rF+ rC+ Will- Dex+3}
rElec   +            k - +2 cloak {Stlth+}
rCorr   .            S - +2 pair of gloves of the End {rElec rC+ Str+3 Int-2}
SInv    +            C - +2 pair of boots
Will    +++..        I - amulet of faith
Stlth   ++           W - ring of see invisible
HPRegen 1.47/turn    Y - +4 ring of protection
MPRegen 0.26/turn

%: faith
@: on fire, strong-willed, on berserk cooldown, regenerating, slowed, glowing,
studying Polearms, very slow
A: fangs 1, strong nose, distributed training
}: 2/15 runes: serpentine, barnacled
a: Renounce Religion, Berserk, Trog's Hand, Brothers in Arms


You were on level 2 of the Elven Halls.
You worshipped Trog.
Trog was extremely pleased with you.
You visited 6 branches of the dungeon, and saw 32 of its levels.
You also visited: Sewer, Ossuary and Volcano.

You collected 3391 gold pieces.
You spent 2602 gold pieces at shops.

Inventory:

Hand Weapons
 a - the +6 trident of Propriety (weapon) {vamp, Dex+3}
   (You found it on level 3 of the Lair of Beasts)

   Dex+3:     It affects your dexterity (+3).
 b - a +2 heavy eveningstar
 r - a +5 vampiric trident
Missiles
 c - 3 silver javelins
 d - 41 poisoned darts
 n - 17 javelins
 s - 6 curare-tipped darts
 t - 54 boomerangs (quivered)
 v - 4 datura-tipped darts
 G - 8 throwing nets
Armour
 k - a +2 cloak of stealth (worn)
 C - a +2 pair of boots (worn)
 N - the +1 hat "Lag Eclo" (worn) {rF+ rC+ Will- Dex+3}
   (You found it on level 10 of the Dungeon)

   Dex+3:     It affects your dexterity (+3).
   rF+:       It protects you from fire.
   rC+:       It protects you from cold.
   Will-:     It decreases your willpower.
 O - a +2 chain mail of willpower (worn)
 S - the +2 pair of gloves of the End (worn) {rElec rC+ Str+3 Int-2}
   (You acquired it on level 5 of the Lair of Beasts)

   Str+3:     It affects your strength (+3).
   Int-2:     It affects your intelligence (-2).
   rC+:       It protects you from cold.
   rElec:     It insulates you from electricity.
 X - a +2 kite shield of protection (worn)
Jewellery
 D - a ring of resist corrosion
 I - an amulet of faith (around neck)
 K - a ring of poison resistance
 L - a ring of flight
 W - a ring of see invisible (left hand)
 Y - a +4 ring of protection (right hand)
Wands
 u - a wand of iceblast (28)
 x - a wand of charming (26)
 F - a wand of mindburst (28)
 J - a wand of polymorph (17)
 M - a wand of light (41)
 P - a wand of digging (22)
 T - a wand of flame (25)
Scrolls
 e - 14 scrolls of teleportation
 h - 4 scrolls of immolation
 j - 6 scrolls of revelation
 m - a scroll of blinking
 o - 8 scrolls of poison
 p - 5 scrolls of fog
 y - a scroll of butterflies
 A - 4 scrolls of fear
 E - 2 scrolls of silence
 R - 4 scrolls of enchant weapon
 U - a scroll of noise
 V - 17 scrolls of identify
Potions
 f - 6 potions of enlightenment
 g - 14 potions of curing
 i - 6 potions of might
 l - 7 potions of haste
 q - a potion of invisibility
 w - 9 potions of mutation
 z - 6 potions of cancellation
 B - 2 potions of resistance
 Q - 7 potions of heal wounds
Miscellaneous
 H - a phial of floods (inert)


   Skills:
 + Level 15.3 Fighting
 + Level 14.0 Short Blades
 + Level 14.0 Long Blades
 + Level 14.0 Axes
 + Level 14.0 Maces & Flails
 + Level 17.4 Polearms
 + Level 14.0 Staves
 + Level 14.0 Ranged Weapons
 + Level 14.0 Throwing
 + Level 14.7 Armour
 + Level 14.7 Dodging
 + Level 14.0 Stealth
 + Level 14.0 Shields
 + Level 14.0 Unarmed Combat
 + Level 14.0 Spellcasting
 + Level 11.9 Conjurations
 + Level 11.9 Hexes
 + Level 11.9 Summonings
 + Level 11.9 Necromancy
 + Level 11.9 Translocations
 + Level 11.9 Fire Magic
 + Level 11.9 Ice Magic
 + Level 11.9 Air Magic
 + Level 11.9 Earth Magic
 + Level 11.9 Alchemy
 + Level 15.2 Invocations
 + Level 14.0 Evocations
 + Level 12.9 Shapeshifting


You had 47 spell levels left.
You didn't know any spells.
Your spell library was empty.

Dungeon Overview and Level Annotations

Branches:
Dungeon (15/15)            Temple (0/1) D:5            Lair (5/5) D:8
 Shoals (4/4) Lair:2        Snake (4/4) Lair:3          Orc (2/2) D:11
    Elf (2/3) Orc:2        Vaults (0/5) D:14         Depths (0/4) D:15
  Sewer (visited)         Ossuary (visited)         Volcano (visited)
  Slime: Lair:4-5

Altars:
Ashenzari
Gozag
Hepliaklqana
Okawaru
Ru
Trog
Uskayaw
Wu Jian
Xom
Jiyva

Shops:
D:11 (   Orc:2 =*:*   Shoals:1 =(   Shoals:2 =!*((   Shoals:3 =   Snake:1 *:*
Snake:3 ?

Portals:
Trove: D:15 (give 9 potions of haste)

Annotations:
D:8 2 transporters, ebering's ghost, novice MDFi
Lair:1 1 runed translucent door, zenocrate's ghost, journeyman KoEE
Lair:4 2 transporters, Hoaki's ghost, journeyman HONe
Lair:5 exclusion: 3 oklob plants
Shoals:2 1 runed translucent door, exclusion: door, zenocrate's ghost, journeyman FeEE


Innate Abilities, Weirdness & Mutations

You have very sharp teeth.
Your uncanny sense of smell can sniff out nearby items.
Your experience applies equally to all skills.


Message History

You hit the deep elf zephyrmancer.
You feel better.
Your bite misses the deep elf zephyrmancer.
The deep elf zephyrmancer is almost dead.
The liquid fire burns you!
* * * LOW HITPOINT WARNING * * *
The deep elf zephyrmancer gestures at you while chanting.
The bolt of lightning hits you. You resist.
* * * LOW HITPOINT WARNING * * *
You block the earth elemental's attack.
You puncture the deep elf zephyrmancer!
You kill the deep elf zephyrmancer!
Trog accepts your kill.
Trog appreciates your killing of a magic user.
The liquid fire burns you!
* * * LOW HITPOINT WARNING * * *
You barely miss the earth elemental. The liquid fire burns you!
* * * LOW HITPOINT WARNING * * *
The earth elemental misses you.
You barely miss the earth elemental. You bite the earth elemental.
The earth elemental is lightly damaged.
The liquid fire burns you!
* * * LOW HITPOINT WARNING * * *
You hit the earth elemental.
You bite the earth elemental, but do no damage.
The earth elemental is lightly damaged.
The liquid fire burns you!
* * * LOW HITPOINT WARNING * * *
The earth elemental closely misses you.
You hit the earth elemental.
The earth elemental is lightly damaged.
The liquid fire burns you!
* * * LOW HITPOINT WARNING * * *
The earth elemental hits you!!
* * * LOW HITPOINT WARNING * * *
You hit the earth elemental.
You bite the earth elemental, but do no damage.
The earth elemental is moderately damaged.
The liquid fire burns you!
You die...

#### .#
##..######.####.
#...............
##..####.#######
######.###.## ∆
###.....#.#.#
#...<..(...#######
#.................#
...#####...)E@###.#
#.# ∆ .........)..)##
#.# #.#
...#####.#..## #.#
#.# ##..## #.#. #.#
#))## #)# #.##
#.#=>## #.#.#. #)#
#.##.#)## #.# #[# ##.
#.#
#.##)####.###.#[#####
E#.####.##[##.###.#
#[)☼..


You could see an earth elemental.

Vanquished Creatures
  Jorgrun (Elf:2)
  Rupert (D:12)
  Agnes (D:14)
  Polyphemus (Shoals:2)
  Kirke (D:15)
  Aizul (Snake:1)
  12 nagarajas
  2 orc warlords (Orc:2)
  A formless jellyfish (Shoals:4)
  3 stone giants (Volcano)
  A deep elf demonologist (Elf:2)
  Azrael (D:13)
  2 merfolk javelineers
  The ghost of Koarghis the Cleaver, a journeyman MiBe of Trog (Orc:1)
  8 merfolk impalers
  A salamander tyrant (Snake:4)
  13 anacondas
  2 merfolk avatars
  3 vault guards (D:14)
  3 alligator snapping turtles
  6 centaur warriors
  4 hydras
  2 boulder beetles
  2 catoblepae
  15 dancing weapons
  5 two-headed ogres
  5 merfolk aquamancers
  3 death yaks
  A jorogumo (shapeshifter) (D:15)
  2 death knights
  18 naga warriors
  2 orc high priests (Orc:2)
  2 satyrs (Shoals:3)
  21 naga sharpshooters
  8 shock serpents
  14 deep elf knights
  2 skysharks
  6 salamander mystics
  6 mana vipers
  An arcanist (D:14)
  22 sea snakes
  5 naga ritualists
  6 thermic dynamos (Elf:2)
  An obsidian bat (Orc:1)
  8 harpies
  10 deep elf archers
  3 orc knights
  13 deep elf zephyrmancers
  6 orc sorcerers
  A phantasmal warrior (D:13)
  An oklob plant (Lair:2)
  2 necromancers (D:14)
  8 ugly things
  5 cyclopes
  20 deep elf pyromancers
  9 fauns
  15 salamanders
  14 manticores
  Maurice (D:9)
  8 elephants
  3 meliai (D:11)
  A kobold blastminer (Orc:1)
  12 merfolk sirens
  12 guardian serpents
  6 water nymphs
  37 black mambas
  18 naga magi
  5 gargoyles
  A torpor snail (Lair:5)
  Joseph (D:9)
  6 cane toads
  Maggie (D:9)
  16 komodo dragons
  2 unseen horrors
  A rime drake (Lair:1)
  5 efreet
  A yaktaur (Shoals:2)
  2 freezing wraiths
  3 harpy zombies (Shoals:3)
  6 trolls
  6 polar bears
  8 hornets
  39 merfolk
  7 wind drakes
  A glass eye (Lair:1)
  7 dream sheep
  3 blink frogs (Lair:1)
  7 snapping turtles
  12 water elementals
  16 slime creatures
  2 shadows
  5 wraiths
  3 fire bats (Orc:1)
  13 spriggans (Lair:5)
  10 wyverns
  6 fire elementals
  A hog (D:15)
  60 yaks
  16 humans (D:14)
  9 basilisks
  3 steam dragons
  6 wargs
  19 vampire mosquitoes
  Menkaure (D:7)
  An acid dragon (D:11)
  35 nagas
  A hell hound (D:13)
  19 water moccasins
  Duvessa (D:7)
  6 black bears
  32 orc warriors
  2 sky beasts
  2 laughing skulls (D:14)
  25 wolves
  11 ogres
  5 boggarts (Lair:5)
  12 centaurs
  A phantom (D:4)
  An elf zombie (Ossuary)
  5 kobold brigands
  12 bullfrogs
  2 brain worms (Sewer)
  4 earth elementals
  A gnoll sergeant (D:8)
  4 scorpions
  11 wights
  A burial acolyte (Ossuary)
  Dowan (D:7)
  3 killer bees (D:10)
  4 howler monkeys
  5 electric eels
  2 bombardier beetles
  4 hounds
  2 human zombies (Ossuary)
  3 jellies
  A centaur zombie (Ossuary)
  A gnoll bouda (D:4)
  35 orc priests
  Jessica (D:3)
  3 iguanas
  43 orc wizards
  Ijyb (D:3)
  A sleepcap (D:7)
  Terence (D:3)
  A killer bee zombie (Ossuary)
  3 mummies (Ossuary)
  8 adders
  11 gnolls
  3 river rats (Sewer)
  5 shadow imps
  A white imp (D:7)
  9 adder zombies (Ossuary)
  5 ribbon worms
  3 dart slugs
  93 orcs
  7 bats
  A bat zombie (Shoals:3)
  2 endoplasms (D:3)
  2 giant cockroaches (D:1)
  2 gnoll zombies (Ossuary)
  5 goblins
  7 hobgoblins
  9 jackals
  20 kobolds
  6 quokkas
  12 ball pythons
  2 ball python zombies (Ossuary)
  10 frilled lizards
  6 jackal zombies (Ossuary)
  2 kobold zombies (Ossuary)
  2 orc zombies (Ossuary)
  11 rats
  A tentacle (Shoals:4)
1295 creatures vanquished.

Vanquished Creatures (collateral kills)
  A deep elf blademaster (Elf:2)
  A kraken (Shoals:4)
  2 dancing weapons (Elf:2)
  A naga warrior (Snake:4)
  A naga sharpshooter (Snake:4)
  A skeletal warrior (D:12)
  2 sea snakes
  A salamander (D:15)
  2 deep elf pyromancers (Elf:2)
  An ugly thing (D:15)
  A slime creature (D:15)
  A naga mage (Snake:4)
  3 merfolk (Shoals:1)
  A snapping turtle (Shoals:1)
  5 yaks (D:10)
  2 fire elementals (D:13)
  A naga (Snake:4)
  A hell hound (D:13)
  2 tentacles (Shoals:4)
30 creatures vanquished.

Vanquished Creatures (others)
  A deep elf knight (Elf:2)
  3 deep elf zephyrmancers (Elf:2)
  A naga mage (Snake:4)
  2 humans (D:15)
  A naga (Snake:4)
  A hell hound (D:13)
  2 orc wizards
  An orc (Orc:1)
  5 tentacles (Shoals:4)
17 creatures vanquished.

Grand Total: 1342 creatures vanquished

Notes
Turn   | Place    | Note
-------+----------+-------------------------------------------
     0 | D:1      | jejorda2 the Gnoll Berserker began the quest for the Orb.
     0 | D:1      | Reached XP level 1. HP: 23/23 MP: 1/1
   158 | D:1      | Reached XP level 2. HP: 29/29 MP: 2/2
   372 | D:1      | Reached XP level 3. HP: 35/35 MP: 3/3
   670 | D:1      | Reached ** piety under Trog
  1104 | D:2      | Reached skill level 1 in Invocations
  1430 | D:2      | Identified the +5 ring mail of Precision Catastrophes
                  | {rElec rPois rCorr Dex+3}
  1513 | D:2      | Reached skill level 1 in Short Blades
  1513 | D:2      | Reached skill level 1 in Long Blades
  1513 | D:2      | Reached skill level 1 in Axes
  1513 | D:2      | Reached skill level 1 in Maces & Flails
  1513 | D:2      | Reached skill level 1 in Staves
  1513 | D:2      | Reached skill level 1 in Ranged Weapons
  1513 | D:2      | Reached skill level 1 in Throwing
  1513 | D:2      | Reached skill level 1 in Stealth
  1513 | D:2      | Reached skill level 1 in Shields
  1513 | D:2      | Reached skill level 1 in Unarmed Combat
  1513 | D:2      | Reached skill level 1 in Spellcasting
  1513 | D:2      | Reached skill level 1 in Evocations
  1586 | D:2      | Reached skill level 1 in Shapeshifting
  1586 | D:2      | Reached XP level 4. HP: 41/41 MP: 5/5
  1726 | D:3      | Reached skill level 1 in Conjurations
  1726 | D:3      | Reached skill level 1 in Hexes
  1726 | D:3      | Reached skill level 1 in Summonings
  1726 | D:3      | Reached skill level 1 in Necromancy
  1726 | D:3      | Reached skill level 1 in Translocations
  1726 | D:3      | Reached skill level 1 in Fire Magic
  1726 | D:3      | Reached skill level 1 in Ice Magic
  1726 | D:3      | Reached skill level 1 in Air Magic
  1726 | D:3      | Reached skill level 1 in Earth Magic
  1726 | D:3      | Reached skill level 1 in Alchemy
  1736 | D:3      | Noticed Jessica
  1741 | D:3      | Killed Jessica
  1742 | D:3      | Reached XP level 5. HP: 33/47 MP: 5/7
  2010 | D:3      | Noticed Ijyb
  2021 | D:3      | Killed Ijyb
  2164 | D:3      | Noticed Terence
  2175 | D:3      | Killed Terence
  2365 | D:4      | Reached XP level 6. HP: 53/53 MP: 8/8
  2369 | D:4      | Reached skill level 5 in Armour
  2369 | D:4      | Reached skill level 5 in Dodging
  2490 | D:4      | Reached *** piety under Trog
  2523 | D:4      | Reached skill level 7 in Polearms
  2523 | D:4      | Reached XP level 7. HP: 60/60 MP: 10/10
  2554 | D:4      | Found a sand-covered staircase.
  2563 | Ossuary  | Entered an ossuary
  2832 | Ossuary  | Reached **** piety under Trog
  3022 | D:4      | Reached XP level 8. HP: 67/67 MP: 12/12
  3492 | D:5      | Entered Level 5 of the Dungeon
  3521 | D:5      | Found a glowing drain.
  3533 | Sewer    | Entered a sewer
  3899 | D:5      | Found a hazy altar of Hepliaklqana.
  3936 | D:5      | Reached ***** piety under Trog
  4079 | D:5      | Found a staircase to the Ecumenical Temple.
  4226 | D:5      | Found an opulent altar of Gozag.
  4819 | D:6      | Reached XP level 9. HP: 68/73 MP: 14/14
  5126 | D:6      | Identified the +3 dagger of Truncation {flame, rPois Str-2
                  | Int+2 Stlth+}
  5793 | D:7      | Reached skill level 8 in Polearms
  5871 | D:7      | Reached skill level 5 in Invocations
  5995 | D:7      | Noticed Menkaure
  5998 | D:7      | Killed Menkaure
  6033 | D:7      | Found a hide-covered altar of Uskayaw.
  6085 | D:7      | Noticed Duvessa
  6085 | D:7      | Noticed Dowan
  6094 | D:7      | Killed Duvessa
  6101 | D:7      | Killed Dowan
  6612 | D:8      | Reached skill level 5 in Short Blades
  6612 | D:8      | Reached skill level 5 in Long Blades
  6612 | D:8      | Reached skill level 5 in Axes
  6612 | D:8      | Reached skill level 5 in Maces & Flails
  6612 | D:8      | Reached skill level 5 in Staves
  6612 | D:8      | Reached skill level 5 in Ranged Weapons
  6612 | D:8      | Reached skill level 5 in Throwing
  6612 | D:8      | Reached skill level 5 in Stealth
  6612 | D:8      | Reached skill level 5 in Shields
  6612 | D:8      | Reached skill level 5 in Unarmed Combat
  6612 | D:8      | Reached skill level 5 in Spellcasting
  6612 | D:8      | Reached skill level 5 in Evocations
  6612 | D:8      | Reached XP level 10. HP: 53/81 MP: 17/17
  7060 | D:8      | Reached skill level 5 in Shapeshifting
  7350 | D:8      | Found a transporter.
  7353 | D:8      | Found a transporter.
  7353 | D:8      | Noticed ebering's ghost (novice MDFi)
  7356 | D:8      | Noticed a gargoyle
  7663 | D:8      | Identified the +0 plate armour of Liasulegh {Fly rC+}
  7778 | D:8      | Found a staircase to the Lair.
  8460 | D:9      | Noticed a moth of wrath
  8463 | D:9      | Found a bloodstained altar of Trog.
  8463 | D:9      | Noticed Maurice
  8478 | D:9      | Something stole a ring of flight
  8504 | D:9      | Maurice stole 15 boomerangs
  8510 | D:9      | Something stole a +4 halberd
  8524 | D:9      | Something stole 289 gold
  8528 | D:9      | Killed Maurice
  8692 | D:9      | Received a gift from Trog
  8807 | D:9      | Noticed Joseph
  8829 | D:9      | Killed Joseph
  8830 | D:9      | Reached skill level 9 in Polearms
  8830 | D:9      | Reached skill level 5 in Conjurations
  8830 | D:9      | Reached skill level 5 in Hexes
  8830 | D:9      | Reached skill level 5 in Summonings
  8830 | D:9      | Reached skill level 5 in Necromancy
  8830 | D:9      | Reached skill level 5 in Translocations
  8830 | D:9      | Reached skill level 5 in Fire Magic
  8830 | D:9      | Reached skill level 5 in Ice Magic
  8830 | D:9      | Reached skill level 5 in Air Magic
  8830 | D:9      | Reached skill level 5 in Earth Magic
  8830 | D:9      | Reached skill level 5 in Alchemy
  8830 | D:9      | Reached XP level 11. HP: 50/89 MP: 18/20
  9133 | D:9      | Noticed a boulder beetle
  9182 | D:9      | Noticed a two-headed ogre
  9184 | D:9      | Found a runed translucent door.
  9470 | D:9      | Noticed Maggie
  9483 | D:9      | Killed Maggie
  9580 | D:9      | Found an iron altar of Okawaru.
  9580 | D:9      | Found a broken altar of Ashenzari.
  9581 | D:9      | Found a sacrificial altar of Ru.
  9722 | D:9      | Killed a two-headed ogre
  9796 | D:9      | Killed a boulder beetle
  9903 | D:10     | Entered Level 10 of the Dungeon
 10485 | D:10     | Found an ornate altar of the Wu Jian Council.
 10585 | D:10     | Identified the +1 hat "Lag Eclo" {rF+ rC+ Will- Dex+3}
 11012 | D:11     | Found Zovor's Antique Weapon Boutique.
 11015 | D:11     | Bought a runed trident for 143 gold pieces
 11038 | D:11     | Reached XP level 12. HP: 35/97 MP: 22/22
 11614 | D:11     | Noticed a two-headed ogre
 11624 | D:11     | Killed a two-headed ogre
 11949 | D:11     | Found a staircase to the Orcish Mines.
 12422 | Lair:1   | Entered Level 1 of the Lair of Beasts
 12485 | Lair:1   | Reached skill level 10 in Fighting
 12485 | Lair:1   | Reached skill level 10 in Polearms
 12858 | Lair:1   | Found a runed translucent door.
 13166 | Lair:1   | Noticed a death yak
 13184 | Lair:1   | Killed a death yak
 13424 | Lair:1   | Noticed Urug
 13425 | Lair:1   | Urug changed into Urug the glass eye
 13425 | Lair:1   | Noticed Urug
 13442 | Lair:1   | Killed Urug the glass eye
 13624 | Lair:1   | Noticed a seven-headed hydra
 13690 | Lair:1   | Killed a seven-headed hydra
 14123 | Lair:1   | Noticed zenocrate's ghost (journeyman KoEE)
 14210 | Lair:2   | Found a staircase to the Shoals.
 14325 | Lair:2   | Reached XP level 13. HP: 104/104 MP: 25/25
 14947 | Lair:2   | Identified the +2 robe of Defence {rC++ Dex+4}
 15627 | Lair:3   | Found a staircase to the Snake Pit.
 16019 | Lair:3   | Identified the +6 trident of Propriety {vamp, Dex+3}
 16951 | Lair:4   | Reached skill level 11 in Polearms
 16951 | Lair:4   | Reached skill level 10 in Armour
 16951 | Lair:4   | Reached skill level 10 in Dodging
 17202 | Lair:4   | Found a transporter.
 17207 | Lair:4   | Found a transporter.
 17208 | Lair:4   | Noticed Hoaki's ghost (journeyman HONe)
 17452 | Lair:5   | Entered Level 5 of the Lair of Beasts
 17488 | Lair:5   | Received a gift from Trog
 17890 | Lair:5   | Reached XP level 14. HP: 113/113 MP: 27/27
 17907 | Lair:5   | Reached skill level 10 in Invocations
 18108 | Lair:5   | Identified a scroll of acquirement
 18108 | Lair:5   | Acquired the +2 pair of gloves of the End {rElec rC+ Str+3
                  | Int-2}
 18444 | Lair:5   | Received a gift from Trog
 19368 | Lair:5   | Found a viscous altar of Jiyva.
 20213 | D:12     | Noticed Rupert
 20229 | D:12     | Killed Rupert
 20752 | D:13     | Noticed Azrael
 20830 | D:13     | Killed Azrael
 21391 | D:13     | Reached skill level 10 in Short Blades
 21391 | D:13     | Reached skill level 10 in Long Blades
 21391 | D:13     | Reached skill level 10 in Axes
 21391 | D:13     | Reached skill level 10 in Maces & Flails
 21391 | D:13     | Reached skill level 10 in Staves
 21391 | D:13     | Reached skill level 10 in Ranged Weapons
 21391 | D:13     | Reached skill level 10 in Throwing
 21391 | D:13     | Reached skill level 10 in Stealth
 21391 | D:13     | Reached skill level 10 in Shields
 21391 | D:13     | Reached skill level 10 in Unarmed Combat
 21391 | D:13     | Reached skill level 10 in Spellcasting
 21391 | D:13     | Reached skill level 10 in Evocations
 21780 | D:13     | Reached XP level 15. HP: 120/120 MP: 29/29
 21801 | D:13     | Reached skill level 12 in Polearms
 21849 | D:13     | Found an iron altar of Okawaru.
 22421 | D:14     | Noticed Agnes
 22436 | D:14     | Killed Agnes
 23098 | D:14     | Identified the +0 trident of Zeitz {holy, Str+4}
 23473 | D:14     | Found a gate to the Vaults.
 23528 | D:15     | Entered Level 15 of the Dungeon
 23614 | D:15     | Identified the +2 dagger of Certain Death {heavy, +Blink
                  | rPois Dex+2} (Trog gifted it to you on level 15 of the
                  | Dungeon)
 23614 | D:15     | Received a gift from Trog
 23623 | D:15     | Found a staircase to the Depths.
 23926 | D:15     | Noticed Kirke
 23933 | D:15     | Killed Kirke
 24199 | D:15     | Found a portal to a secret trove of treasure.
 24471 | Orc:1    | Entered Level 1 of the Orcish Mines
 24626 | Orc:1    | Found a dark tunnel.
 24636 | Volcano  | Entered a volcano
 24649 | Volcano  | Found a large runed translucent door.
 24655 | Volcano  | Found a large runed translucent door.
 24665 | Volcano  | Found a large runed translucent door.
 24666 | Volcano  | Found a large runed translucent door.
 24691 | Volcano  | Found a large runed translucent door.
 24691 | Volcano  | Found a large runed translucent door.
 24719 | Volcano  | Found a large runed translucent door.
 24719 | Volcano  | Found a large runed translucent door.
 24784 | Volcano  | Found a large runed translucent door.
 24784 | Volcano  | Found a large runed translucent door.
 24794 | Volcano  | Reached skill level 10 in Shapeshifting
 24817 | Volcano  | Found a large runed translucent door.
 24817 | Volcano  | Found a large runed translucent door.
 25094 | Volcano  | Found a large runed translucent door.
 25095 | Volcano  | Found a large runed translucent door.
 25124 | Volcano  | Found a large runed translucent door.
 25124 | Volcano  | Found a large runed translucent door.
 25146 | Volcano  | Reached XP level 16. HP: 120/127 MP: 30/30
 25194 | Volcano  | Found a large runed translucent door.
 25194 | Volcano  | Found a large runed translucent door.
 25398 | Orc:1    | Found a runed translucent door.
 25398 | Orc:1    | Found a shimmering altar of Xom.
 25398 | Orc:1    | Noticed Koarghis's ghost (journeyman MiBe)
 25786 | Orc:1    | Killed Koarghis's ghost
 25818 | Orc:2    | Entered Level 2 of the Orcish Mines
 25834 | Orc:1    | Received a gift from Trog
 25958 | Orc:2    | Found a staircase to the Elven Halls.
 26883 | Orc:2    | Received a gift from Trog
 26999 | Orc:2    | Found Oraucelu's General Store.
 27000 | Orc:2    | Found Dyquur's Book Boutique.
 27004 | Orc:2    | Found Caudghigu's Assorted Antiques.
 27004 | Orc:2    | Found Meis's Jewellery Shop.
 27133 | Orc:2    | Bought a manual of Polearms for 1120 gold pieces
 27135 | Orc:2    | Bought a shiny chain mail for 225 gold pieces
 27307 | Shoals:1 | Entered Level 1 of the Shoals
 27541 | Shoals:1 | Found Fuorec's Jewellery Shoppe.
 27565 | Shoals:1 | Reached skill level 13 in Polearms
 27665 | Shoals:1 | Found Hiemnin's Weapon Boutique.
 28899 | Shoals:2 | Received a gift from Trog
 28926 | Shoals:2 | Found Vezil's Antique Weapon Shop.
 28982 | Shoals:2 | Found Sydegest's Distillery.
 28982 | Shoals:2 | Found Pegiecva's Jewellery Boutique.
 29092 | Shoals:2 | Found Patato's Assorted Antiques.
 29094 | Shoals:2 | Identified the +1 chain mail of the Ward {Rampage rElec
                  | Dex+3}
 29119 | Shoals:2 | Noticed Polyphemus
 29146 | Shoals:2 | Killed Polyphemus
 29315 | Shoals:2 | Found Ugrivvif's Weapon Boutique.
 29531 | Shoals:2 | Reached XP level 17. HP: 125/137 MP: 32/32
 29551 | Shoals:2 | Found a runed translucent door.
 29551 | Shoals:2 | Noticed zenocrate's ghost (journeyman FeEE)
 29838 | Shoals:2 | Bought a scroll labelled MUAFRU REM GOMM for 30 gold pieces
 30115 | Shoals:2 | Reached skill level 10 in Conjurations
 30115 | Shoals:2 | Reached skill level 10 in Hexes
 30115 | Shoals:2 | Reached skill level 10 in Summonings
 30115 | Shoals:2 | Reached skill level 10 in Necromancy
 30115 | Shoals:2 | Reached skill level 10 in Translocations
 30115 | Shoals:2 | Reached skill level 10 in Fire Magic
 30115 | Shoals:2 | Reached skill level 10 in Ice Magic
 30115 | Shoals:2 | Reached skill level 10 in Air Magic
 30115 | Shoals:2 | Reached skill level 10 in Earth Magic
 30115 | Shoals:2 | Reached skill level 10 in Alchemy
 30928 | Shoals:3 | Reached skill level 14 in Polearms
 31178 | Shoals:3 | Found Bupigeosm's Jewellery Shop.
 31910 | Shoals:4 | Entered Level 4 of the Shoals
 32497 | Shoals:4 | Received a gift from Trog
 33082 | Shoals:4 | Noticed a kraken
 33314 | Shoals:4 | Killed a kraken
 33322 | Shoals:4 | Got a barnacled rune of Zot
 34373 | Shoals:2 | Bought a shiny plate armour for 780 gold pieces
 34458 | Lair:3   | Upgraded the game from 0.32-a0-791-gfc315c9ecd to
                  | 0.32-a0-799-g95e1662365
 34461 | Snake:1  | Entered Level 1 of the Snake Pit
 35011 | Snake:1  | Reached XP level 18. HP: 145/145 MP: 34/34
 35036 | Snake:1  | Reached skill level 15 in Polearms
 35055 | Snake:1  | Received a gift from Trog
 35156 | Snake:1  | Found Anoimeikaf's Assorted Antiques.
 35158 | Snake:1  | Found Aqoem's Book Shoppe.
 35160 | Snake:1  | Found Godoufu's Assorted Antiques.
 35342 | Snake:1  | Bought a scorched chain mail for 304 gold pieces
 35342 | Snake:1  | Identified the +0 chain mail of Qazlal, Nurturing {Str+3}
                  | (You bought it in a shop on level 1 of the Snake Pit)
 35966 | Snake:1  | Identified the serpent talisman of the Will of the Gods
                  | {MP-9 Int+7 Dex-2}
 35966 | Snake:1  | Noticed Aizul
 35988 | Snake:1  | Killed Aizul
 37567 | Snake:2  | Identified the +1 robe "Opiz Qex" {rF+ Will+ Str+2}
 38829 | Snake:3  | Identified the +4 trident of the Known World {flame, rElec
                  | Int-5 Dex+3} (Trog gifted it to you on level 3 of the Snake
                  | Pit)
 38829 | Snake:3  | Received a gift from Trog
 40101 | Snake:3  | Reached skill level 16 in Polearms
 40250 | Snake:3  | Found Ekicud's Magic Scroll Emporium.
 40471 | Snake:4  | Entered Level 4 of the Snake Pit
 40830 | Snake:4  | Reached XP level 19. HP: 153/153 MP: 36/36
 40866 | Snake:4  | Received a gift from Trog
 41858 | Snake:4  | Received a gift from Trog
 42301 | Snake:4  | Got a serpentine rune of Zot
 42949 | Elf:1    | Entered Level 1 of the Elven Halls
 43053 | Elf:1    | Reached skill level 15 in Fighting
 43128 | Elf:1    | You fall into a shaft and drop 1 floor!
 43426 | Elf:2    | Found a huge runed translucent gate.
 43427 | Elf:2    | Found a huge runed translucent gate.
 43429 | Elf:2    | Found a huge runed translucent gate.
 43430 | Elf:2    | Found a huge runed translucent gate.
 43431 | Elf:2    | Found a huge runed translucent gate.
 43629 | Elf:2    | Reached skill level 17 in Polearms
 43997 | Elf:2    | Reached ****** piety under Trog
 43999 | Elf:2    | Reached skill level 15 in Invocations
 43999 | Elf:2    | Noticed Jorgrun
 44044 | Elf:2    | Killed Jorgrun
 44548 | Elf:1    | Reached XP level 20. HP: 162/162 MP: 37/37
 44890 | Elf:2    | Received a gift from Trog
 44949 | Elf:2    | Noticed a Brimstone Fiend
 45342 | Elf:2    | Noticed a Brimstone Fiend
 45451 | Elf:2    | HP: 1/162 [earth elemental (19)]
 45452 | Elf:2    | Incinerated by a deep elf pyromancer

Illustrated notes

Levels and vault maps discovered:
D:1:      saegor_arrival_simple_c, layout_basic, chequers_big_river
D:2:      layout_loops_corners, nicolae_wormholes
D:3:      layout_rooms, uniq_jessica, uniq_ijyb, uniq_terence
D:4:      layout_rooms, nicolae_ossuary_entry_monument, roderic_roman_lattice,
          grunt_ministairs_3
D:5:      layout_loops_corners, mainiacjoe_overflow_large_starburst,
          minmay_temple_entry_water_ring, cheibrodos_sewer_entry_sluice,
          corexii_shack
D:6:      layout_gridville, hangedman_decor_push, grunt_ministairs_13,
          corexii_corridor_pit
D:7:      minmay_skewed_foursquare, layout_basic, mainiacjoe_overflow_brackets,
          serial_glass, glass_columns_a, glass_columns_b, feat_on_display,
          minmay_strange_pillars, feat_on_display, minmay_strange_pillars,
          uniq_duvessa, uniq_menkaure
D:8:      layout_basic, minmay_lair_entry_grove, gammafunk_ghost_arena,
          kennysheep_island_fort
D:9:      layout_roguey, gammafunk_temple_overflow_claw, tgw_trog,
          minmay_st_funbox, palyth_stone_intersect, minivault_1, uniq_maggie,
          uniq_maurice, uniq_joseph
D:10:     layout_irregular_city, nzn_wu_jian_contemplation
D:11:     layout_stronghold, david_orc_2, serial_shops, shop_statue
D:12:     layout_long_grid, uniq_rupert
D:13:     layout_gridville, okawaru_trees_1, uniq_azrael
D:14:     layout_loops_cross, grunt_vaults_entry_tiered,
          chequers_serial_rivers_micro_a, uniq_agnes
D:15:     hangedman_depths_entry_try_elsewhere_first, layout_basic,
          nicolae_eternal_life, enter_trove_3, uniq_kirke
Lair:1:   layout_chaotic_city, ebering_ghost_reflecting_pool,
          minmay_shattered_shrine, uniq_urug
Lair:2:   layout_regular_city, minmay_shoals_entry_centaurs
Lair:3:   layout_chaotic_city, guppyfry_snake_entry_garden,
          infiniplex_staircase_pool_2
Lair:4:   layout_misc_corridors, gammafunk_ghost_hive
Lair:5:   minmay_lair_end_enchanted_forest, layout_hall_layers,
          minmay_slime_entry_oklob_enclosed, dreamdust_wasp_nest,
          grunt_megastairs_5, infiniplex_staircase_pool
Shoals:1: layout_shoals, serial_shops, nicolae_shop_hallway_plus,
          nicolae_shop_tiny_glass
Shoals:2: layout_shoals, serial_shops, shop, shop, nicolae_stop_n_shop_2, shop,
          shop, gammafunk_ghost_grave, yaktaur_hedge, uniq_polyphemus
Shoals:3: layout_shoals, minmay_shop_enchanted_jewellery,
          nicolae_shoals_undead_eyrie
Shoals:4: shoals_end_hangedman, layout_shoals, abandoned_shop
Snake:1:  layout_chambers, grunt_megastairs_3, minmay_shop_star,
          serial_bayou_shore_a, uniq_aizul
Snake:2:  layout_chambers, serial_bayou_ford_a
Snake:3:  nicolae_cobra_stairs, layout_gridlike, serial_shops,
          nicolae_shop_temple_entry_statues_fountains
Snake:4:  grunt_snake_rune_pools, layout_basic
Orc:1:    layout_caves, nicolae_volcano_entry_batcave, ebering_ghost_xom
Orc:2:    st_orc_mages, layout_caves
Elf:1:    eino_elf_arrival_the_gate, layout_loops_cross
Elf:2:    elven_hall_of_blades_hangedman_alternative
          [nicolae_blade_entry_diamond_columns], layout_rooms,
          corexii_hall_statues_i, uniq_jorgrun

Skill      XL: |  1  2  3  4  5  6  7  8  9 10 11 12 13 14 15 16 17 18 19 20 |
---------------+-------------------------------------------------------------+-----
Invocations    | 1 2 3 4 5 6 7 8 9 10 11 12 13 14 15 | 15.2
Short Blades   | 1 2 3 5 6 7 8 9 10 11 12 13 14 | 14.0
Long Blades    | 1 2 3 5 6 7 8 9 10 11 12 13 14 | 14.0
Axes           | 1 2 3 5 6 7 8 9 10 11 12 13 14 | 14.0
Maces & Flails | 1 2 3 5 6 7 8 9 10 11 12 13 14 | 14.0
Staves         | 1 2 3 5 6 7 8 9 10 11 12 13 14 | 14.0
Ranged Weapons | 1 2 3 5 6 7 8 9 10 11 12 13 14 | 14.0
Throwing       | 1 2 3 5 6 7 8 9 10 11 12 13 14 | 14.0
Stealth        | 1 2 3 5 6 7 8 9 10 11 12 13 14 | 14.0
Shields        | 1 2 3 5 6 7 8 9 10 11 12 13 14 | 14.0
Unarmed Combat | 1 2 3 5 6 7 8 9 10 11 12 13 14 | 14.0
Spellcasting   | 1 2 3 5 6 7 8 9 10 11 12 13 14 | 14.0
Evocations     | 1 2 3 5 6 7 8 9 10 11 12 13 14 | 14.0
Shapeshifting  | 1 2 3 4 5 6 7 8 9 10 11 12 | 12.9
Conjurations   | 1 2 3 4 5 6 7 8 9 10 11 | 11.9
Hexes          | 1 2 3 4 5 6 7 8 9 10 11 | 11.9
Summonings     | 1 2 3 4 5 6 7 8 9 10 11 | 11.9
Necromancy     | 1 2 3 4 5 6 7 8 9 10 11 | 11.9
Translocations | 1 2 3 4 5 6 7 8 9 10 11 | 11.9
Fire Magic     | 1 2 3 4 5 6 7 8 9 10 11 | 11.9
Ice Magic      | 1 2 3 4 5 6 7 8 9 10 11 | 11.9
Air Magic      | 1 2 3 4 5 6 7 8 9 10 11 | 11.9
Earth Magic    | 1 2 3 4 5 6 7 8 9 10 11 | 11.9
Alchemy        | 1 2 3 4 5 6 7 8 9 10 11 | 11.9
Armour         | 5 6 7 8 9 10 11 12 13 14 | 14.7
Dodging        | 5 6 7 8 9 10 11 12 13 14 | 14.7
Fighting       | 7 8 9 10 11 12 13 14 15 | 15.3
Polearms       | 7 8 9 10 11 12 13 14 16 17 | 17.4

Action                     |  1- 3 |  4- 6 |  7- 9 | 10-12 | 13-15 | 16-18 | 19-21 || total
---------------------------+-------+-------+-------+-------+-------+-------+-------++-------
  Melee: Spear             |   127 |   126 |       |       |       |       |       ||   253
         Bite              |     6 |    11 |    59 |   146 |   279 |   285 |   102 ||   888
         Halberd           |       |    22 |   519 |   128 |       |       |       ||   669
         Trident           |       |       |       |   875 |  1903 |  2480 |   889 ||  6147
         Eveningstar       |       |       |       |       |       |   133 |       ||   133
   Fire: Hand cannon       |       |       |       |       |       |     4 |       ||     4
  Throw: Dart              |       |       |     1 |    14 |    95 |     2 |     2 ||   114
         Javelin           |       |       |       |       |     2 |     4 |    25 ||    31
         Boomerang         |       |       |       |       |     6 |   272 |    63 ||   341
 Invoke: Berserk           |     1 |     3 |     4 |    19 |    27 |    31 |    14 ||    99
         Trog's Hand       |       |       |       |     8 |    12 |    16 |     9 ||    45
         Brothers in Arms  |       |       |       |     1 |     3 |     3 |     1 ||     8
  Evoke: Wand              |       |       |       |     3 |     6 |       |       ||     9
         Phial of floods   |       |       |       |       |       |       |     1 ||     1
    Use: Scroll            |       |     7 |    11 |     6 |     9 |     2 |     3 ||    38
         Potion            |       |       |       |     1 |       |     2 |     3 ||     6
   Stab: Sleeping          |     1 |       |     5 |     9 |    14 |    18 |     4 ||    51
         Distracted        |       |       |     2 |     1 |     4 |    13 |     4 ||    24
         Invisible         |       |       |       |     1 |       |       |       ||     1
         Petrified         |       |       |       |       |       |     2 |       ||     2
 Armour: Animal skin       |     8 |       |       |       |       |       |       ||     8
         Scale mail        |    27 |       |       |       |       |       |       ||    27
         Ring mail         |     5 |    50 |   328 |    60 |       |       |       ||   443
         Chain mail        |       |       |       |   543 |   836 |  1317 |   458 ||  3154
         Plate armour      |       |       |       |     4 |       |       |       ||     4
  Dodge: Dodged            |    49 |    50 |   275 |   284 |   490 |   565 |   229 ||  1942
  Block: Other             |    15 |    26 |   113 |     5 |       |       |       ||   159
         Reflection        |     2 |       |     2 |       |       |       |       ||     4
         Kite shield       |       |       |       |   332 |   545 |   281 |   394 ||  1552
         Tower shield      |       |       |       |       |   504 |  1494 |       ||  1998

Table legend: (Time is in decaauts)
 A = Elapsed time spent in this place.
 B = Non-inter-level travel time spent in this place.
 C = Inter-level travel time spent in this place.
 D = Time resting spent in this place.
 E = Time spent auto-exploring this place.
 F = Levels seen in this place.
 G = Mean time per level.
                   A        B        C        D        E       F      G
               +--------+--------+--------+--------+--------+-----+--------+
         Total |  45097 |  42354 |   2743 |   5889 |  25092 |  35 | 1288.5 |
       Dungeon |  16713 |  15572 |   1141 |   1511 |  10244 |  15 | 1114.2 |
          Lair |   7694 |   7093 |    601 |   1156 |   4237 |   5 | 1538.8 |
        Shoals |   6693 |   6289 |    404 |    638 |   3898 |   4 | 1673.2 |
     Snake Pit |   8099 |   7698 |    401 |   1703 |   4201 |   4 | 2024.8 |
  Orcish Mines |   1980 |   1814 |    166 |    148 |    812 |   2 |  990.0 |
   Elven Halls |   2439 |   2411 |     28 |    464 |   1240 |   2 | 1219.5 |
         Sewer |    377 |    377 |      0 |      0 |    219 |   1 |  377.0 |
       Ossuary |    429 |    429 |      0 |     53 |    150 |   1 |  429.0 |
       Volcano |    670 |    670 |      0 |    214 |     89 |   1 |  670.0 |
               +--------+--------+--------+--------+--------+-----+--------+

Top non-repeatable levels by time:
 Snake:1: 2520 daAuts
Shoals:4: 2169 daAuts
 Snake:4: 2135 daAuts
  Lair:5: 1929 daAuts
 Snake:2: 1910 daAuts
  Lair:1: 1803 daAuts
Shoals:1: 1783 daAuts
     D:8: 1773 daAuts
     D:9: 1657 daAuts
Shoals:2: 1644 daAuts
  Lair:2: 1608 daAuts
 Snake:3: 1532 daAuts
  Lair:3: 1421 daAuts
   Elf:2: 1421 daAuts
    D:14: 1368 daAuts
